 Dungeon Crawl Stone Soup version 0.32-a0-928-g1cae6b7ea0 (webtiles) character file.

Game seed: 8560379723404386284

2567 innerfire43 the Trooper (level 9, -10/72 HPs)
             Began as a Demonspawn Monk on Apr 12, 2024.
             Was the Champion of Ignis.
             Mangled by a two-headed ogre
             ... wielding a +0 giant spiked club
              (21 damage)
             ... on level 8 of the Dungeon.
             The game lasted 00:09:28 (6476 turns).

innerfire43 the Trooper (Demonspawn Monk)           Turns: 6476, Time: 00:09:28

Health: -10/72     AC:  4    Str: 16    XL:     9   Next: 31%
Magic:  9/9        EV: 19    Int: 10    God:    Ignis [******]
Gold:   220        SH:  7    Dex: 22    Spells: 8/8 levels left

rFire   + . .        a - +1 mace (venom)
rCold   . . .        n - +1 buckler
rNeg    . . .        b - +0 robe
rPois   .            C - +0 helmet
rElec   .            (no cloak)
rCorr   .            (no gloves)
SInv    .            (no boots)
Will    .....        p - amulet of the acrobat
Stlth   ++           f - +5 ring of evasion
HPRegen 0.32/turn    t - +6 ring of dexterity
MPRegen 0.11/turn

%: acrobat
@: no status effects
A: rugged brown scales 1, spiny 2, demonic touch 2
a: Renounce Religion, Fiery Armour, Foxfire Swarm, Rising Flame


You were on level 8 of the Dungeon.
You worshipped Ignis.
Ignis was exalted by your worship.
You visited 1 branch of the dungeon, and saw 8 of its levels.
You also visited: Sewer.

You collected 353 gold pieces.
You spent 133 gold pieces at shops.

Inventory:

Hand Weapons
 a - a +1 mace of venom (weapon)
 c - a +0 club
 i - a +2 dagger of venom
Missiles
 K - 3 throwing nets (quivered)
Armour
 b - a +0 robe (worn)
 d - an orb of light
 n - a +1 buckler (worn)
 C - a +0 helmet (worn)
Jewellery
 e - a +6 ring of strength
 f - a +5 ring of evasion (left hand)
 o - a ring of see invisible
 p - an amulet of the acrobat (around neck)
 t - a +6 ring of dexterity (right hand)
 E - an amulet of guardian spirit
 I - a ring of wizardry
Wands
 w - a wand of charming (13)
 J - a wand of warping (12)
Scrolls
 h - a scroll of revelation
 q - 3 scrolls of amnesia
 s - 2 scrolls of vulnerability
 v - 4 scrolls of teleportation
 x - a scroll of fog
 y - 2 scrolls of brand weapon
 F - a scroll of enchant weapon
 G - 2 scrolls of identify
Potions
 g - a potion of haste
 j - a potion of mutation
 k - 4 potions of degeneration
 l - 4 potions of curing {unknown}
 m - a potion of attraction {unknown}
 r - a potion of lignification {unknown}
 u - a potion of berserk rage {unknown}
 z - a potion of magic {unknown}
 A - a potion of resistance {unknown}
 B - a potion of invisibility {unknown}
 D - a potion of cancellation {unknown}
 H - a potion of might {unknown}


   Skills:
 + Level 6.3 Fighting
 + Level 5.8 Maces & Flails
 + Level 5.8 Armour
 + Level 5.4 Dodging
 * Level 4.6 Shields


You had 8 spell levels left.
You didn't know any spells.
Your spell library contained the following spells:

 Spells                   Type           Power      Damage    Failure   Level
 Dazzling Flash           Conj/Hex       0%         N/A       82%         3
 Animate Dead             Necr           0%         N/A       99%         4
 Borgnjor's Vile Clutch   Necr/Erth      0%         N/A       100%        5
 Death Channel            Necr           0%         N/A       100%        6
 Starburst                Conj/Fire      0%         6d3       100%        6
 Maxwell's Capacitive Co  Air            0%         ∞         100%        8


Dungeon Overview and Level Annotations

Branches:
Dungeon (8/15)             Temple (0/1) D:4           Sewer (visited)
   Lair: D:8-11

Altars:
Hepliaklqana
Nemelex Xobeh
Trog
Wu Jian
Ignis

Shops:
D:4 ?   D:8 =

Annotations:
D:4 1 transporter


Innate Abilities, Weirdness & Mutations

You are partially covered in rugged brown scales. (AC +1, +3% HP)
You are mostly covered in sharp spines.
Your touch may inflict irresistible damage on your foes.


Message History

You feel sick. You block the killer bee's attack. The killer bee misses you.
You feel sick. You block the killer bee's attack.
The killer bee attacks as it pursues you!
The killer bee barely misses you.
The killer bee is struck by your spines.
The killer bee misses you.
The killer bee is struck by your spines.
The killer bee barely misses you.
There is an open door here.
You hit the killer bee but do no damage.
The killer bee is poisoned.
The killer bee is heavily wounded.
You feel sick. You block the killer bee's attack. x2
The killer bee barely misses you.
The killer bee stings you but does no damage.
The killer bee completely misses you.
You hit the killer bee.
The killer bee looks as sick as possible!
The killer bee is almost dead.
You feel sick.
You kill the killer bee!
You block the killer bee's attack.
The killer bee is struck by your spines.
The killer bee stings you but does no damage.
You block the killer bee's attack. The killer bee barely misses you.
You closely miss the killer bee.
The killer bee is heavily wounded.
You feel sick. The killer bee misses you. The killer bee barely misses you.
The killer bee closely misses you.
Unknown command.
You hit the killer bee.
The killer bee is poisoned.
The killer bee is severely wounded.
You feel sick.
You are no longer poisoned.
You kill the killer bee!
The two-headed ogre hits you with a +0 giant spiked club!
* * * LOW HITPOINT WARNING * * *
The two-headed ogre hits you with a +0 giant club!!
You die...
Ignis goes out, and joins you in death.

.....###.#.#.##..
...!.....#.#.##.#
.........#.#.##.#
.........#.#.##.#
.........#....#.#
.........#....#.## .##
.........#.......###..###
......†.O#.......'.......
........y@.......#####.##
........##.......### #.#
############+###...###.###
#..............
#####.....#..##
#.....##... ##....##...
########.. #.#


You could see a two-headed ogre and a killer bee.

Vanquished Creatures
  Psyche (D:8)
  Menkaure (D:7)
  An orc warrior (D:7)
  Pargi (Sewer)
  2 ice beasts
  A black bear (D:6)
  A phantom (D:7)
  A kobold brigand (D:7)
  A brain worm (Sewer)
  2 bullfrogs
  4 scorpions
  3 wights (D:8)
  8 killer bees
  A howler monkey (D:5)
  A bombardier beetle (D:3)
  4 jellies
  4 hounds
  2 orc priests
  An iguana (D:5)
  3 orc wizards
  Robin (D:2)
  7 gnolls
  5 adders
  A river rat (D:5)
  3 dart slugs
  3 ribbon worms
  34 orcs
  10 ball pythons
  6 bats (D:1)
  8 endoplasms
  4 giant cockroaches
  17 goblins
  5 hobgoblins
  3 jackals (D:4)
  12 kobolds
  2 quokkas
  3 frilled lizards
  10 rats
177 creatures vanquished.

Notes
Turn   | Place    | Note
-------+----------+-------------------------------------------
     0 | D:1      | innerfire43 the Demonspawn Monk began the quest for the
                  | Orb.
     0 | D:1      | Reached XP level 1. HP: 18/18 MP: 1/1
   113 | D:1      | Reached skill level 1 in Armour
   113 | D:1      | Gained mutation: You are partially covered in sharp spines.
                  | [demonic ancestry]
   113 | D:1      | Reached XP level 2. HP: 24/24 MP: 2/2
   627 | D:2      | Reached XP level 3. HP: 18/29 MP: 3/3
   687 | D:2      | Noticed Robin
   844 | D:2      | HP: 1/29 [goblin/+0 dagger[Robin] (3)]
   860 | D:2      | Killed Robin
   861 | D:2      | Found a faded altar of an unknown god.
   883 | D:2      | Prayed at the altar of an unknown god.
   883 | D:2      | Became a worshipper of Ignis, the Dying Flame
   883 | D:2      | Reached ****** piety under Ignis
  1018 | D:2      | Gained mutation: Your touch may inflict minor irresistible
                  | damage on your foes. [demonic ancestry]
  1018 | D:2      | Reached XP level 4. HP: 35/35 MP: 4/4
  1826 | D:3      | Reached XP level 5. HP: 33/42 MP: 5/5
  2369 | D:4      | Reached skill level 4 in Fighting
  2419 | D:4      | Found Axibom's Magic Scroll Shoppe.
  2421 | D:4      | Found a hazy altar of Hepliaklqana.
  2430 | D:4      | Bought a scroll of brand weapon for 133 gold pieces
  2457 | D:4      | Found a staircase to the Ecumenical Temple.
  2540 | D:4      | Gained mutation: You are partially covered in rugged brown
                  | scales. (AC +1, +3% HP) [demonic ancestry]
  2540 | D:4      | Reached XP level 6. HP: 34/49 MP: 6/6
  2862 | D:4      | Found a sparkling altar of Nemelex Xobeh.
  2862 | D:4      | Found a transporter.
  2862 | D:4      | Noticed a steam dragon
  3024 | D:5      | Entered Level 5 of the Dungeon
  3074 | D:5      | Found a glowing drain.
  3091 | D:5      | Noticed an ice beast
  3109 | D:5      | Killed an ice beast
  3124 | Sewer    | Entered a sewer
  3204 | Sewer    | Noticed Pargi
  3215 | Sewer    | Killed Pargi
  3216 | Sewer    | Gained mutation: Your touch may inflict irresistible damage
                  | on your foes. [demonic ancestry]
  3216 | Sewer    | Reached XP level 7. HP: 18/56 MP: 7/7
  3796 | D:5      | Reached skill level 5 in Fighting
  3901 | D:5      | Found a bloodstained altar of Trog.
  4173 | D:6      | Reached skill level 1 in Shields
  4174 | D:6      | Reached XP level 8. HP: 23/63 MP: 8/8
  4371 | D:6      | You fall into a shaft and drop 1 floor!
  4449 | D:7      | Reached skill level 5 in Armour
  4520 | D:7      | Reached skill level 5 in Maces & Flails
  4964 | D:6      | Found an ornate altar of the Wu Jian Council.
  5395 | D:7      | Reached skill level 5 in Dodging
  5395 | D:7      | Noticed Menkaure
  5410 | D:7      | Killed Menkaure
  5592 | D:7      | Reached skill level 6 in Fighting
  5641 | D:7      | Gained mutation: You are mostly covered in sharp spines.
                  | [demonic ancestry]
  5641 | D:7      | Reached XP level 9. HP: 59/71 MP: 9/9
  5935 | D:7      | Identified the +0 leather armour of Fedhas, Twisting {rF+
                  | rN+ Int+5}
  6364 | D:8      | Noticed Psyche
  6382 | D:8      | Killed Psyche
  6415 | D:8      | Found Teateit's Jewellery Boutique.
  6468 | D:8      | Noticed a two-headed ogre
  6476 | D:8      | Mangled by a two-headed ogre

Illustrated notes

Levels and vault maps discovered:
D:1:      noname_arrival_rooms_in_the_neighbourhood, layout_basic,
          minmay_strange_pillars
D:2:      layout_basic, chequers_ecumenical_altar_simple, uniq_robin
D:3:      layout_loops_ring
D:4:      layout_cave_pools, mainiacjoe_overflow_catwalk,
          grunt_nemelex_the_gamble, temple_pool_b, serial_shops, shop
D:5:      layout_cave_pods, mainiacjoe_overflow_chevrons, portal_sewer_entry_a,
          serial_column_ruins, column_ruins_circle_small,
          column_ruins_corridor_corner, column_ruins_grid_4,
          column_ruins_open_medium, column_ruins_columns_water,
          column_ruins_grid_1, column_ruins_grid_1, column_ruins_open_large,
          serial_bayou_lake_a
D:6:      layout_basic, mainiacjoe_overflow_small_starburst
D:7:      nicolae_cairo_tiling_very_big, layout_loops_corners,
          grunt_decor_junction, uniq_menkaure
D:8:      layout_basic, chei_slow_surprise, serial_shops, shop, uniq_psyche

Skill      XL: |  1  2  3  4  5  6  7  8  9 |
---------------+----------------------------+-----
Armour         | 1 2 3 4 5 |  5.8
Maces & Flails | 3 4 5 |  5.8
Fighting       | 4 5 6 |  6.3
Dodging        | 3 4 5 |  5.4
Shields        | 1 3 4 |  4.6

Action                     |  1- 3 |  4- 6 |  7- 9 || total
---------------------------+-------+-------+-------++-------
  Melee: Mace              |    66 |   164 |   186 ||   416
         Unarmed           |       |       |     8 ||     8
    Use: Scroll            |     6 |     3 |     7 ||    16
         Potion            |     2 |     1 |       ||     3
   Stab: Sleeping          |       |     1 |     6 ||     7
 Armour: Robe              |    41 |    63 |    71 ||   175
         Skin              |       |       |     2 ||     2
  Dodge: Dodged            |    56 |   143 |   172 ||   371
  Block: Buckler           |       |    49 |    77 ||   126

Table legend: (Time is in decaauts)
 A = Elapsed time spent in this place.
 B = Non-inter-level travel time spent in this place.
 C = Inter-level travel time spent in this place.
 D = Time resting spent in this place.
 E = Time spent auto-exploring this place.
 F = Levels seen in this place.
 G = Mean time per level.
                   A        B        C        D        E       F      G
               +--------+--------+--------+--------+--------+-----+--------+
         Total |   6593 |   6481 |    112 |      0 |   5001 |   9 |  732.6 |
       Dungeon |   6233 |   6121 |    112 |      0 |   4732 |   8 |  779.1 |
         Sewer |    360 |    360 |      0 |      0 |    269 |   1 |  360.0 |
               +--------+--------+--------+--------+--------+-----+--------+

Top non-repeatable levels by time:
     D:7: 1149 daAuts
     D:6: 1105 daAuts
     D:3: 908 daAuts
     D:2: 886 daAuts
     D:5: 795 daAuts
     D:4: 673 daAuts
     D:1: 602 daAuts
   Sewer: 360 daAuts
     D:8: 112 daAuts
